Workbook

Sheet Opening Balances
A1: Account Name | B1: £
A3: Capital (missing) | B3: ???
A4: Bank Account (Dr Balance) | B4: 4010
A5: Cash in Hand | B5: 675
A6: Motor Vehicles - Cost | B6: 27176
A7: MV - Provision for Depreciation | B7: 7574
A8: Fixtures and Equipment - Cost | B8: 25394
A9: F and E - Provision for Depreciation | B9: 9578
A10: Trade Debtors | B10: 11583
A11: Trade Creditors | B11: 2896
A12: Bank Loan | B12: 15741
A13: VAT control Account (CR Balance) | B13: 2005
A14: Accrued Telephone | B14: 134
A15: Accrued Electricity | B15: 111
... A17: Stock at 1.10.19 | B17: 13481
A21: The opening debtors and creditors were as follows: | B21: £ | C21: £
B22: Debtors | C22: Creditors
A23: Claret | B23: 3118
A24: Orange | B24: 5940
A25: Black | B25: 2525
A27: Grey | C27: 817
A28: Yellow | C28: 282
A29: White | C29: 1797
M32: Debit = Everything classed as an expense along with assets and drawings
M33: Credit = Income capital and liabilities

Sheet Spreadsheet
E2: Harri Gerald Dendle
E3: Student No. 2103763
B6: Account name | D6: Opening Balances | F6: Sales Day book | H6: Purhcase daybook | J6: Cash Reciepts | L6: Cash payments | N6: Petty cash | P6: Draft balances | R6: Adjustments | T6: Profit and loss | V6: Balance sheet
D7: Debit | E7: Credit | F7: Debit | G7: Credit | H7: Debit | I7: Credit | J7: Debit | K7: Credit | L7: Debit | M7: Credit | N7: Debit | O7: Credit | P7: Debit | Q7: Credit | R7: Debit | S7: Credit | T7: Debit | U7: Credit | V7: Debit | W7: Credit
B9: Capital (missing) | E9: =D10+D11+D12+D14+D16+D23-E13-E15-E17-E18-E19-E20-E21-E22 -> 44161 | K9: ='Cash Book Receipts'!F14 -> 12000 | Q9: =E9+K9 -> 56161 | W9: =E9+K9 -> 56161
B10: Bank Account (Debit Balance) | D10: 4010 | J10: ='Cash Book Receipts'!H22 -> 34240 | M10: ='Cash Book'!H35 -> 9486 | P10: =D10+J10-M10 -> 28764 | V10: =P10 -> 28764
B11: Cash in Hand | D11: ='Petty Cash Book'!B10 -> 675 | L11: ='Petty Cash Book'!H26 -> 308 | O11: ='Petty Cash Book'!H26 -> 308 | P11: =D11+L11-O11 -> 675 | V11: =P11 -> 675
B12: Motor Vehicles - Cost | D12: 27176 | H12: ='Purchase Day Book'!G23 -> 14850 | P12: =D12+H12 -> 42026 | V12: =P12 -> 42026
B13: MV - Provision for Depreciation | E13: 7574 | Q13: =E13 -> 7574 | W13: =Q13 -> 7574
B14: Fixtures and Equipment - Cost | D14: 25394 | H14: ='Purchase Day Book'!G25 -> 6400 | P14: =D14+H14 -> 31794 | V14: =P14 -> 31794
B15: F and E - Provision for Depreciation | E15: 9578 | Q15: =E15 -> 9578 | W15: =E15 -> 9578
B16: Trade Debtors | D16: 11583 | F16: ='Sales Day Book'!H20 -> 25914 | K16: =D16 -> 11583 | P16: =D16+F16-K16 -> 25914 | V16: =P16 -> 25914
B17: Trade Creditors | E17: 2896 | I17: ='Purchase Day Book'!G27 -> 21000 | L17: 2896 | Q17: =E17+I17-L17 -> 21000 | W17: =Q17 -> 21000
B18: Bank Loan | E18: 15741 | Q18: =E18 -> 15741 | W18: =Q18 -> 15741
B19: VAT control Account (CR Balance) | E19: 2005 | G19: ='Sales Day Book'!H23 -> 4319 | H19: ='Purchase Day Book'!G22-'Purchase Day Book'!G13 -> 7750 | K19: ='Cash Book Receipts'!H24 -> 1990 | L19: ='Cash Book'!H26 -> 2338 | N19: ='Petty Cash Book'!G17 -> 28 | P19: =SUM(E19+G19+K19-H19-L19-N19) *-1 -> 1802 | W19: =P19 -> 1802
B20: Accrued Telephone | E20: 134 | L20: ='Cash Book'!H30 -> 440 | P20: =L20 -> 440 | Q20: =E20 -> 134 | R20: 60 | T20: =P20+R20 -> 500 | V20: =T20 -> 500
B21: Accrued Electricity | E21: 111 | L21: 400 | P21: =L21 -> 400 | Q21: =E21 -> 111 | R21: 120 | T21: =P21+R21 -> 520 | V21: =T21 -> 520
B22: Accrued Gas | E22: 119 | L22: ='Cash Book'!H29 -> 300 | P22: =L22 -> 300 | Q22: =E22 -> 119 | R22: 240 | T22: =P22+R22 -> 540 | V22: =T22 -> 540
B23: Stock at 1.10.21 | D23: 13481 | P23: =D23 -> 13481 | T23: =D23 -> 13481
B25: Sales | G25: ='Sales Day Book'!H22 -> 21595 | K25: ='Cash Book Receipts'!H26 -> 9950 | Q25: =G25+K25 -> 31545 | U25: =G25+K25+Q25 -> 63090 | W25: =U25 -> 63090
B26: Purchases | H26: ='Purchase Day Book'!G21 -> 17500 | P26: =H26 -> 17500 | S26: 220 | T26: =P26-S26 -> 17280 | V26: =T26 -> 17280
B27: Discounts Allowed | J27: =K9+K16+K19+K25-J10 -> 1283 | P27: ='Cash Book Receipts'!L12 -> 218 | U27: =J27-P27 -> 1065
B28: Discount Received | M28: ='Cash Book'!L26 -> 329 | P28: =M28 -> 329
B29: Advertising | N29: ='Petty Cash Book'!H17 -> 140 | P29: =N29 -> 140 | V29: =P29 -> 140
B30: Stamps | N30: ='Petty Cash Book'!I17 -> 140 | P30: =N30 -> 140 | V30: =P30 -> 140
B31: Insurance | L31: ='Cash Book'!H32 -> 2200 | P31: =L31 -> 2200 | S31: 1697 | T31: =P31-S31 -> 503 | V31: =T31 -> 503
B32: Legal Fees | L32: ='Cash Book'!H33 -> 1050 | P32: =L32 -> 1050 | S32: 1050 | W32: =S32 -> 1050
B33: Liability | I33: ='Purchase Day Book'!F29 -> 25500 | Q33: =I33 -> 25500 | R33: 1650 | V33: =R33 -> 1650
B34: Rent | P34: 1800 | S34: 1800 | V34: =P34 -> 1800
B36: Depreciation Epn (Motor Vehicles)
B37: Depreciation Epn (F & E)
B38: Closing Stock Balance Sheet | R38: 15840 | W38: =R38 -> 15840
B39: Closing Stock Profit & Loss
B40: Accruals
B43: Harri Gerald Dendle | D43: =SUM(D8:D36) -> 82319 | E43: =SUM(E8:E36) -> 82319 | F43: =SUM(F8:F36) -> 25914 | G43: =SUM(G8:G36) -> 25914 | H43: =SUM(H8:H36) -> 46500 | I43: =SUM(I8:I36) -> 46500 | J43: =SUM(J8:J36) -> 35523 | K43: =SUM(K8:K36) -> 35523 | L43: =SUM(L9:L40) -> 9932 | M43: =SUM(M9:M40) -> 9815 | N43: =SUM(N8:N36) -> 308 | O43: =SUM(O8:O36) -> 308 | P43: =SUM(P8:P36) -> 168973 | Q43: =SUM(Q8:Q36) -> 167463 | R43: =SUM(R8:R36) -> 2070 | S43: =SUM(S8:S36) -> 4767 | T43: =SUM(T8:T36) -> 32824 | U43: =SUM(U8:U36) -> 64155 | ... W43: =SUM(W8:W36) -> 175996

Sheet Accounts
B6: Fixed Assets
D7: Cost | E7: Provision for Dep'n | F7: Net Book Value
B8: Motor Vehicles | D8: £ | E8: £ | F8: £
B9: Fixtures and Fittings
D10: =Spreadsheet!D12+Spreadsheet!H12 -> 42026 | E10: 9179 | F10: =D10-E10 -> 32847
D11: =Spreadsheet!D14+'Purchase Day Book'!K14 -> 31794 | E11: 10726 | F11: =D11-E11 -> 21068
F12: =SUM(F10:F11) -> 53915
B14: Current Assets
B16: Trade Debtors | D16: =Spreadsheet!P16 -> 25914
B17: Bank account | D17: =Spreadsheet!P10 -> 28764
B18: VAT | D18: =Spreadsheet!P19 -> 1802
B19: Stock | D19: =Spreadsheet!R38 -> 15840
B20: Prepayments | D20: =Spreadsheet!R33 -> 1650
D21: =SUM(D16:D20) -> 73970
B23: Current Liabilities | F23: Net Current Assets | G23: =D21-D29 -> 51736
B24: Trade Creditors | D24: =Spreadsheet!Q17 -> 21000
B25: Telephone | D25: =Spreadsheet!E20+Spreadsheet!L20-Spreadsheet!P20+Spreadsheet!R20 -> 194
B26: Electricity | D26: =Spreadsheet!E21+Spreadsheet!L21-Spreadsheet!P21+Spreadsheet!R21 -> 231
B27: Gas | D27: =Spreadsheet!E22+Spreadsheet!L22-Spreadsheet!P22+Spreadsheet!R22 -> 359
B28: Rent | D28: =Spreadsheet!S34/4 -> 450
D29: =SUM(D24:D28) -> 22234
B31: Long Term Liabilities
B32: Loan | D32: =Spreadsheet!Q18 -> 15741
B33: Motor Vehicles | D33: =Spreadsheet!P12-Spreadsheet!E13 -> 34452
B34: Fixtures and Equipment | D34: =Spreadsheet!P14-Spreadsheet!E15 -> 22216
D35: =SUM(D32:D34) -> 72409
B37: Represented by
B39: Capital | D39: =Spreadsheet!Q9 -> 56161
B40: Profit for the year | D40: =D35-D39 -> 16248
B48: Sales | D48: =Spreadsheet!Q25 -> 31545
B50: Opening stock | D50: =Spreadsheet!D23 -> 13481
B51: Purchases | D51: =Spreadsheet!P26 -> 17500
B53: Closing stock

Sheet Sales Day Book
B5: Here is where detailed information for each individual credit sale to a customer is stored.
B7: Date | D7: Customer | F7: Total | G7: VAT | H7: Net
F9: £ | G9: £ | H9: £
B11: 44567 | D11: Black | F11: =H11*1.2 -> 12474 | G11: =F11-H11 -> 2079 | H11: 10395
B12: 44574 | D12: Orange | F12: =H12*1.2 -> 5568 | G12: =F12-H12 -> 928 | H12: 4640
B13: 44620 | D13: Silver | F13: =H13*1.2 -> 1440 | G13: =F13-H13 -> 240 | H13: 1200
B14: 44620 | D14: Orange | F14: =H14*1.2 -> 2940 | G14: =F14-H14 -> 490 | H14: 2450
B15: 44643 | D15: Black | F15: =H15*1.2 -> 3492 | G15: =F15-H15 -> 582 | H15: 2910
F18: =SUM(F11:F15) -> 25914 | G18: =SUM(G11:G15) -> 4319 | H18: =SUM(H11:H15) -> 21595
F20: Debit | G20: Debtors | H20: =F18 -> 25914
F22: Credit | G22: Sales | H22: =H18 -> 21595
G23: VAT a/c | H23: =G18 -> 4319

Sheet Purchase Day Book
B5: This is where purchasing transactions are recorded
B7: Date | D7: Narrative | F7: Total | G7: VAT | H7: Purchases | I7: Electric | J7: Motor | K7: Equipment | L7: Legal
F9: £ | G9: £ | H9: £ | I9: £ | J9: £ | K9: £ | L9: £
B11: 44567 | D11: White | F11: =H11*1.2 -> 7488 | G11: =F11-H11 -> 1248 | H11: 6240
B12: 44595 | D12: Electric | F12: 400 | I12: =F12 -> 400
B13: 44602 | D13: Legal fee invoice | F13: =L13*1.2 -> 1260 | G13: =F13-L13 -> 210 | L13: 1050
B14: 44629 | D14: Equipment | F14: =K14*1.2 -> 7680 | G14: =F14-K14 -> 1280 | K14: 6400
B15: 44633 | D15: Yellow | F15: =H15*1.2 -> 5736 | G15: =F15-H15 -> 956 | H15: 4780
B16: 44636 | D16: White | F16: =H16*1.2 -> 7776 | G16: =F16-H16 -> 1296 | H16: 6480
B17: 44646 | D17: Delivery Vehicle | F17: =J17*1.2 -> 17820 | G17: =F17-J17 -> 2970 | J17: 14850
F19: =SUM(F11:F17) -> 48160 | G19: =SUM(G11:G17) -> 7960 | H19: =SUM(H11:H17) -> 17500 | I19: =SUM(I11:I17) -> 400 | J19: =SUM(J11:J17) -> 14850 | K19: =SUM(K11:K17) -> 6400 | L19: =SUM(L11:L17) -> 1050
D21: Debit | F21: Purchases | G21: =SUM(H11:H17) -> 17500
F22: VAT a/c | G22: =SUM(G11:G17) -> 7960
F23: MV | G23: =SUM(J11:J17) -> 14850
F24: Electricity | G24: =SUM(I11:I17) -> 400
F25: Equipment | G25: =SUM(K11:K17) -> 6400
D27: Credit | F27: Creditors | G27: =SUM(F11+F15+F16) -> 21000
D29: Liabilities | F29: =F14+F17 -> 25500

Sheet Cash Book Receipts
B5: Here is where all cash receipts and disbursements, including bank deposits and withdrawals are stored
B7: Date | D7: Narrative | F7: Total | G7: VAT | H7: From Debtors | I7: From Sales | J7: Capital Injected | L7: Discount allowed
F9: £ | G9: £ | H9: £ | I9: £ | J9: £ | L9: £
B11: 44567 | D11: Cash Sales | F11: 4812 | G11: =F11-I11 -> 802 | I11: =F11/1.2 -> 4010
B12: 44570 | D12: Claret | F12: 2900 | H12: =F12 -> 2900 | L12: ='Opening Balances'!B23-F12 -> 218
B13: 44571 | D13: Black | F13: 2400 | H13: =F13 -> 2400
B14: 44620 | D14: Capital Injected | F14: 12000 | J14: =F14 -> 12000
B15: 44622 | D15: Cash Sales | F15: 5346 | G15: =F15-I15 -> 891 | I15: =F15/1.2 -> 4455
B16: 44622 | D16: Orange | F16: 5000 | H16: =F16 -> 5000
B17: 44629 | D17: Cash Sales | F17: 1782 | G17: =F17-I17 -> 297 | I17: =F17/1.2 -> 1485
F19: =SUM(F11:F17) -> 34240 | G19: =SUM(G11:G17) -> 1990 | H19: =SUM(H11:H17) -> 10300 | I19: =SUM(I11:I17) -> 9950 | J19: =SUM(J11:J17) -> 12000 | L19: =SUM(L11:L17) -> 218
F22: Debit | G22: Bank | H22: =F19 -> 34240 | J22: Debit | L22: =L19 -> 218
F24: Credit | G24: VAT a/c | H24: =G19 -> 1990 | J24: Credit | L24: =SUM(L11:L17) -> 218
G25: Debtors | H25: =H19 -> 10300
G26: Sales | H26: =I19 -> 9950

Sheet Cash Book
B5: Cash purchase transactions are recorded in the cash book.
B7: Date | D7: Narrative | F7: Total | G7: VAT | H7: To cred | I7: Petty cash | J7: Gas | K7: Telephone | L7: Electricity | M7: Insurance | N7: Legal | P7: Discount received
F9: £ | G9: £ | H9: £ | I9: £ | J9: £ | K9: £ | L9: £ | M9: £ | N9: £ | P9: £
B11: 44574 | D11: Grey | F11: 700 | H11: 700
B12: 44574 | D12: Insurance | F12: 2200 | M12: 2200
B13: 44592 | D13: HM Customs | F13: 2005 | G13: =F13 -> 2005
B14: 44595 | D14: Electricity | F14: =L14*1.05 -> 420 | G14: =F14-L14 -> 20 | L14: 400
B15: 44602 | D15: Legal Fees | F15: =N15*1.2 -> 1260 | G15: =F15-N15 -> 210 | N15: 1050
B16: 44602 | D16: Gas Bill | F16: =J16*1.05 -> 315 | G16: =F16-J16 -> 15 | J16: 300
B17: 44602 | D17: Telephone | F17: 528 | G17: =F17-K17 -> 88 | K17: =F17/1.2 -> 440
B18: 44620 | D18: Yellow | F18: 250 | H18: 250 | P18: ='Opening Balances'!C28-H18 -> 32
B19: 44629 | D19: White | F19: 1500 | H19: 1500 | P19: ='Opening Balances'!C29-F19 -> 297
B20: 44647 | D20: Petty cash top up | F20: 308 | I20: 308
F24: =SUM(F11:F20) -> 9486 | G24: =SUM(G11:G20) -> 2338 | H24: =SUM(H11:H20) -> 2450 | I24: =SUM(I11:I20) -> 308 | J24: =SUM(J11:J20) -> 300 | K24: =SUM(K11:K20) -> 440 | L24: =SUM(L11:L20) -> 400 | M24: =SUM(M11:M20) -> 2200 | N24: =SUM(N11:N20) -> 1050 | P24: =297+32 -> 329
F26: Debit | G26: Vat Ac | H26: =G24 -> 2338 | K26: Dr | L26: =SUM(P11:P20) -> 329
G27: Creditors | H27: =H24 -> 2450
G28: Petty | H28: =I24 -> 308 | K28: Credit | L28: =SUM(P11:P20) -> 329
G29: Gas | H29: =J16 -> 300
G30: Telephone | H30: =K17 -> 440
G31: Electricity | H31: =SUM(L11:L20) -> 400
G32: Insurance | H32: =SUM(M11:M20) -> 2200
G33: Legal | H33: =SUM(N11:N20) -> 1050
F35: Credit | G35: Bank | H35: =F24 -> 9486

Sheet Petty Cash Book
B5: Here is where petty cash expenditures are stored
B8: Receipts | C8: Narrative | E8: Date | F8: Total | G8: Vat | H8: Advertising | I8: Stamps
B10: 675 | C10: Balance brought forward | E10: 44567
C11: Stamps | E11: 44569 | F11: 70 | I11: 70
C12: advertising | E12: 44592 | F12: 168 | G12: =F12-H12 -> 28 | H12: =F12/1.2 -> 140
C13: Stamps | E13: 44595 | F13: 70 | I13: 70
C15: Balance carried forward | E15: 44647 | F15: =B10-SUM(F10:F13) -> 367
B17: 675 | F17: =SUM(F10:F15) -> 675 | G17: 28 | H17: 140 | I17: 140
B19: 367 | C19: Balance Before
B20: 308 | C20: Bank
F22: Debit | G22: Advertising | H22: 140
G23: VAT a/c | H23: 28
G24: Stamps | H24: 140
F26: Credit | G26: Petty cash | H26: 308

Sheet Task 2 Workings
B2: Question 1
B9: Straight Line Depreciation = (Purchase Cost - Salvage Value) / Useful life assumption
B10: Salvage Value = Purchase Price - Provision for Depreciation
B12: Motor Vehicles (Straight line) = | E12: Since I could not find a useful life or salvage value I could not do this.
B14: Fixtures and Equipment - 10% = 31794 / 1.1 = 28903 | G14: 28903-31794 = | I14: =31794-28903 -> 2891
B16: Question 2
B18: The installment has been added into the rent adjustments column
B20: Question 3
B22: £220 is deducted from purchases using the adjustments column
B24: Question 4
B26: These outstanding bills have been added to debit adjustments column to be totalled in the balance sheet
B28: Question 5
B30: £15840 is added to adjustments for "Closing Stock Balance Sheet"
B32: Question 6
B34: The insurance cost has been added to credit to cancel out in the adjustments column
